 Dungeon Crawl Stone Soup version 0.22.1-1-ga44c0e5 (webtiles) character file.

1631 MagicFarmer the Cleaver (level 8, -1/70 HPs)
             Began as a Minotaur Berserker on Oct 24, 2018.
             Was an Elder of Trog.
             Slain by a hornet (10 damage)
             ... on level 7 of the Dungeon on Oct 25, 2018.
             The game lasted 02:49:39 (8126 turns).

MagicFarmer the Cleaver (Minotaur Berserker)        Turns: 8126, Time: 02:49:40

Health: -1/70      AC: 19    Str: 24    XL:     8   Next: 65%
Magic:  16/16      EV:  9    Int:  4    God:    Trog [****..]
Gold:   370        SH:  0    Dex: 10    Spells: 7/7 levels left

rFire    . . .     SeeInvis .   v - +1 hand axe (elec)
rCold    . . .     Gourm    .   (no shield)
rNeg     . . .     Faith    .   D - +1 storm dragon scales
rPois    .         Spirit   .   (helmet restricted)
rElec    +         Reflect  .   r - +0 cloak
rCorr    .         Harm     .   (no gloves)
MR       .....                  n - +0 pair of boots
Stlth    ..........             (no amulet)
HPRegen  0.21/turn              F - ring of magical power
MPRegen  0.15/turn              m - ring of wizardry

@: lethally poisoned (-1 -> -5)
A: retaliatory headbutt, horns 2, yellow scales 1, blink, screaming 1, evolution
1
a: Blink, Berserk, Trog's Hand, Brothers in Arms, Renounce Religion


You were on level 7 of the Dungeon.
You worshipped Trog.
Trog was greatly pleased with you.
You were not hungry.

You visited 2 branches of the dungeon, and saw 8 of its levels.

You collected 370 gold pieces.

Inventory:

Hand Weapons
 a - a +0 hand axe
 g - a +0 club
 i - a +0 hand axe
 q - a +0 great sword
 s - a +0 hunting sling
 t - a +2 dagger of draining
 v - a +1 hand axe of electrocution (weapon)
 B - a cursed -1 dagger
 G - a +0 trident
 L - a +0 morningstar
 P - a +0 scimitar
 R - a +3 whip
 S - a +0 long sword
 X - a +2 whip of venom
Missiles
 e - 170 stones
 k - 2 tomahawks (quivered)
 A - 22 bolts
 C - 21 sling bullets
 I - 61 arrows
 N - 7 curare-tipped needles
 V - 8 tomahawks of returning
Armour
 b - a +0 ring mail
 h - a +1 chain mail
 n - a +0 pair of boots (worn)
 r - a +0 cloak (worn)
 w - a +0 naga barding
 D - +1 storm dragon scales (worn)
 U - a +0 robe
 W - a +0 plate armour
Magical Staves
 E - an uncursed staff of wizardry {unknown}
 Q - an uncursed staff of earth {unknown}
Jewellery
 m - a ring of wizardry (right hand)
 F - a ring of magical power (left hand)
Wands
 y - a wand of iceblast (11)
 z - a wand of polymorph (15)
 T - a wand of scattershot (4)
Scrolls
 d - a scroll of identify
 j - 2 scrolls of blinking
 p - 2 scrolls of remove curse
 u - a scroll of magic mapping {unknown}
 O - 2 scrolls of teleportation {unknown}
Potions
 f - a potion of flight {unknown}
 l - a potion of magic {unknown}
 o - 2 potions of lignification
 x - a potion of agility
 H - a potion of invisibility
 J - a potion of curing
 K - a potion of berserk rage {unknown}
 M - 3 potions of mutation
Comestibles
 c - 7 rations
 Y - 5 chunks of flesh


   Skills:
 + Level 5.8 Fighting
 + Level 9.3 Axes
 + Level 2.4 Throwing
 + Level 7.7 Armour
 + Level 3.2 Dodging
 + Level 1.4 Stealth
 + Level 0.4 Unarmed Combat


You had 7 spell levels left.
You didn't know any spells.
Your spell library was empty.

Dungeon Overview and Level Annotations

Branches:
Dungeon (7/15)             Temple (1/1) D:4

Altars:
Dithmenos
Fedhas
Gozag
Hepliaklqana
Kikubaaqudgha
Makhleb
Nemelex Xobeh
Ru
Sif Muna
Trog
Uskayaw
Vehumet
Wu Jian
Xom
Yredelemnul
Zin

Annotations:
D:6 3 runed doors, SaintRoka's ghost, amateur GrSk; ThePrince's ghost, novice FoAK; buskinjo's ghost, novice DrGl


Innate Abilities, Weirdness & Mutations

You reflexively headbutt those who attack you in melee.
You have a pair of horns on your head.
You are partially covered in yellow scales. (AC +2)
You can translocate small distances at will.
You occasionally shout uncontrollably at your foes.
You evolve.


Message History

The hornet stings you but does no damage.
You hit the hornet but do no damage.
The hornet is heavily wounded.
The hornet barely misses you.
You hit the hornet.
The hornet is heavily wounded.
You feel sick. The hornet completely misses you. You furiously retaliate!
You headbutt the hornet. The hornet stings you.
* * * LOW HITPOINT WARNING * * *
You feel yourself slow down.
You miss the hornet.
The hornet is severely wounded.
You feel yourself speed up.
You feel sick.
The hornet stings you but does no damage.
You hit the hornet. Your headbutt misses the hornet.
The hornet is severely wounded.
The hornet stings you but does no damage.
The hornet stings you!
You die...

# #. ..
#.# .#
... .#
#.### .#
#...##.#
#†@#.#
##y#.#
#[).#
##:.#
#..#
....#
.##...
.. ##..
## ...


You could see a hornet.

Vanquished Creatures
  Menkaure (D:5)
  An orc warrior (D:7)
  Blork the orc (D:6)
  3 bullfrogs
  2 scorpions
  2 howler monkeys (D:5)
  A bullfrog zombie (D:5)
  3 crimson imps
  A centaur zombie (D:5)
  2 jellies
  5 hounds
  2 bullfrog skeletons (D:5)
  A centaur skeleton (D:7)
  Terence (D:2)
  6 orc wizards
  4 worker ants
  An iguana (D:6)
  A hound skeleton (D:7)
  A worker ant zombie (D:6)
  A gnoll (D:1)
  2 adders
  A shadow imp (D:5)
  3 oozes (D:1)
  2 adder skeletons (D:6)
  5 worms
  3 dart slugs
  2 leopard geckos
  22 orcs
  9 bats
  8 giant cockroaches
  12 goblins
  10 hobgoblins
  6 jackals
  9 kobolds
  4 quokkas
  A ball python skeleton (D:5)
  6 frilled lizards
  A leopard gecko zombie (D:5)
  A quokka skeleton (D:5)
  A quokka zombie (D:4)
  5 rats
153 creatures vanquished.

Vanquished Creatures (others)
  A bush (D:2)
  2 withered plants (D:6)
3 creatures vanquished.

Grand Total: 156 creatures vanquished

Notes
Turn   | Place    | Note
-------+----------+-------------------------------------------
     0 | D:1      | MagicFarmer the Minotaur Berserker began the quest for the
                  | Orb.
     0 | D:1      | Reached XP level 1. HP: 19/19 MP: 0/0
     9 | D:1      | Noticed an anaconda
    94 | D:1      | Reached XP level 2. HP: 14/27 MP: 1/1
   277 | D:1      | Reached skill level 4 in Axes
   348 | D:1      | Reached XP level 3. HP: 18/33 MP: 2/2
  1015 | D:1      | Reached ** piety under Trog
  1423 | D:1      | Noticed a five-headed hydra
  1794 | D:2      | Reached XP level 4. HP: 41/41 MP: 3/3
  2173 | D:2      | Reached skill level 5 in Axes
  2206 | D:2      | Noticed Terence
  2220 | D:2      | Killed Terence
  2261 | D:2      | Gained mutation: You evolve. [potion of mutation]
  2261 | D:2      | Gained mutation: You occasionally shout uncontrollably at
                  | your foes. [potion of mutation]
  2261 | D:2      | Gained mutation: You are partially covered in yellow
                  | scales. (AC +2) [potion of mutation]
  2966 | D:3      | Found a transporter.
  3080 | D:3      | Found a transporter.
  3128 | D:3      | HP: 1/41 [shadow imp/nerve-wracking pain (2)]
  3977 | D:3      | Reached XP level 5. HP: 35/47 MP: 4/4
  4121 | D:3      | Gained mutation: You can translocate small distances at
                  | will. [evolution]
  4761 | D:4      | Found a basalt altar of Yredelemnul.
  4871 | D:4      | Reached *** piety under Trog
  4950 | D:4      | Found a blossoming altar of Fedhas.
  4950 | D:4      | Found a glowing silver altar of Zin.
  4954 | D:4      | Found a sacrificial altar of Ru.
  4995 | D:4      | Reached XP level 6. HP: 49/55 MP: 5/5
  5687 | D:4      | Found a staircase to the Ecumenical Temple.
  5754 | Temple   | Entered the Ecumenical Temple
  5928 | D:4      | Reached skill level 5 in Fighting
  5928 | D:4      | Reached skill level 6 in Axes
  6019 | D:5      | Entered Level 5 of the Dungeon
  6085 | D:5      | Reached skill level 1 in Throwing
  6104 | D:5      | Reached skill level 5 in Armour
  6110 | D:5      | Reached XP level 7. HP: 47/61 MP: 6/6
  6120 | D:5      | Reached skill level 1 in Stealth
  6225 | D:5      | Reached skill level 7 in Axes
  7016 | D:6      | Reached **** piety under Trog
  7486 | D:6      | Noticed Blork the orc
  7498 | D:6      | Killed Blork the orc
  7558 | D:6      | Noticed Menkaure
  7581 | D:5      | Killed Menkaure
  7581 | D:5      | Reached XP level 8. HP: 61/69 MP: 7/7
  7742 | D:6      | Found a runed gate.
  7742 | D:6      | Found a runed gate.
  7743 | D:6      | Found a runed gate.
  7744 | D:6      | Noticed buskinjo's ghost (novice DrGl)
  7744 | D:6      | Noticed SaintRoka's ghost (amateur GrSk)
  7745 | D:6      | Noticed ThePrince's ghost (novice FoAK)
  7894 | D:6      | Reached skill level 8 in Axes
  7915 | D:6      | Found a deep blue altar of Sif Muna.
  8077 | D:7      | Reached skill level 9 in Axes
  8113 | D:7      | Noticed a hornet
  8126 | D:7      | Slain by a hornet

Skill      XL: |  1  2  3  4  5  6  7  8 |
---------------+-------------------------+-----
Fighting       | 4 5 |  5.8
Axes           | 4 5 6 7 9 |  9.3
Armour         | 3 4 5 6 7 |  7.7
Throwing       | 1 2 |  2.4
Dodging        | 3 |  3.2
Stealth        | 1 |  1.4
Unarmed Combat | |  0.4

Action                   |  1- 3 |  4- 6 |  7- 9 || total
-------------------------+-------+-------+-------++-------
Melee: Hand axe          |    93 |   202 |   116 ||   411
       Headbutt          |    14 |    41 |    22 ||    77
       Unarmed           |       |    10 |       ||    10
Throw: Stone             |    12 |    37 |       ||    49
       Tomahawk          |       |       |     1 ||     1
Invok: Trog's Hand       |       |       |     1 ||     1
  Use: Potion            |       |     5 |     4 ||     9
       Scroll            |       |     4 |     2 ||     6
  Eat: Ration            |     1 |     3 |     2 ||     6
       Chunk             |     1 |     2 |     2 ||     5
Armor: Animal skin       |     8 |       |       ||     8
       Ring mail         |    18 |    23 |       ||    41
       Chain mail        |       |    44 |       ||    44
       Storm dragon scal |       |    18 |    86 ||   104
Dodge: Dodged            |    56 |    95 |    56 ||   207
